 Dungeon Crawl Stone Soup version 0.29.0-4-gdea44cf6ec (webtiles) character file.

Game seed: 18011856926785931311

29 qw the Chopper (level 3, -2/19 (21) HPs)
             Began as a Tengu Warper on Aug 28, 2022.
             Slain by Jessica
             ... wielding a +3 dagger of draining
              (8 damage)
             ... on level 2 of the Dungeon.
             The game lasted 00:00:06 (1375 turns).

qw the Chopper (Tengu Warper)                       Turns: 1375, Time: 00:00:06

HP:   -2/19 (21)    AC:  3    Str: 13    XL:     3   Next: 16%
MP:   7/7           EV: 12    Int: 13    God:
Gold: 41            SH:  0    Dex: 13    Spells: 6/6 levels left

rFire   . . .      SeeInvis .   Y - +0 hand axe
rCold   . . .      Faith    .   (no shield)
rNeg    . . .      Spirit   .   b - +0 leather armour
rPois   .          Reflect  .   (helmet restricted)
rElec   .          Harm     .   (no cloak)
rCorr   .          Rampage  .   (no gloves)
Will    .....                   (boots unavailable)
Stlth   +.........              (no amulet)
HPRegen 0.06/turn               (no ring)
MPRegen 0.10/turn               (no ring)

@: drained
A: beak, talons 3
a: no special abilities


You were on level 2 of the Dungeon.
You visited 1 branch of the dungeon, and saw 2 of its levels.

You collected 41 gold pieces.


Innate Abilities, Weirdness & Mutations

You have a beak for a mouth.
You have claws for feet.


   Skills:
 - Level 2.0 Fighting
 + Level 3.9 Axes
 - Level 1.0 Throwing
 - Level 1.1 Armour
 - Level 2.1 Dodging
 - Level 2.0 Spellcasting
 - Level 2.4 Translocations


You had 6 spell levels left.
You didn't know any spells.
Your spell library contained the following spells:

 Spells                   Type           Power      Damage    Failure   Level
 Blink                    Tloc           14%        N/A       19%         2
 Gell's Gravitas          Tloc           7%         N/A       36%         3
 Lesser Beckoning         Tloc           7%         N/A       36%         3
 Teleport Other           Tloc           7%         N/A       36%         3
 Manifold Assault         Tloc           7%         N/A       98%         5

Inventory:

Hand Weapons
 d - a +0 club
 Y - a +0 hand axe (weapon)
Armour
 b - a +0 leather armour (worn)
Scrolls
 a - a scroll of enchant armour {unknown}
Potions
 g - a potion of might {unknown}
 h - a potion of curing {unknown}
 i - a potion of flight {unknown}
 k - a potion of lignification {unknown}

Dungeon Overview and Level Annotations

Branches:
Dungeon (2/15)

Altars:

Annotations:
D:2 Jessica


Message History

The ball python barely misses you. The ball python bites you.
The ball python closely misses you.
There is a stone staircase leading up, spattered with blood here.
You barely miss the ball python. The ball python closely misses you. x2
You hit the ball python.
You kill the ball python!
1302 ||| STAIRDANCE You climb upwards.
There is a stone staircase leading down here.
You start resting.
HP restored.
Done exploring.
(D) Dungeon
Where to? (* - list waypoints, Enter - D:2, ? - help)
What level of the Dungeon? (default 1, ? - help)
You climb downwards.
There is a stone staircase leading up, spattered with blood here.
Found a stone staircase leading down.
a - a scroll labelled JOUFITO ETSUD
There is a stone staircase leading down here.
Jessica the Apprentice Sorceress comes into view.
She is wielding a +3 dagger of draining.
Jessica shouts!
Enter note:
Found 12 gold pieces.
You hit Jessica but do no damage. You claw Jessica, but do no damage.
Jessica points at you and mumbles some strange words.
You resist with some effort.
You hit Jessica but do no damage.
Jessica hits you with a +3 dagger of draining.
You feel drained.
You barely miss Jessica. Your kick misses Jessica.
Jessica grins evilly.
Jessica hits you with a +3 dagger of draining!
You feel drained.
You hit Jessica but do no damage. Your kick misses Jessica.
You peck Jessica, but do no damage.
Jessica says, "I'm really upset."
Jessica hits you with a +3 dagger of draining!
You die...

###### ##.....# ........
#.....# #.....#
###.....########
................
#.....@@..#
######.....###...#
##..........# .$.
##...........# .
#...........###
#..(..........#
#.<...>....##.########
#..........##.>##....# #
###..%.......###..#....#.#


You could see Jessica.

Vanquished Creatures
  2 bats (D:1)
  2 goblins (D:1)
  2 hobgoblins (D:1)
  4 jackals (D:2)
  4 quokkas (D:1)
  6 ball pythons
  2 frilled lizards (D:1)
  A kobold (D:1)
  2 rats (D:1)
25 creatures vanquished.

Notes
Turn   | Place    | Note
-------+----------+-------------------------------------------
     0 | D:1      | qw the Tengu Warper began the quest for the Orb.
     0 | D:1      | Reached XP level 1. HP: 12/12 MP: 4/4
     0 | D:1      | 0 ||| qw: Version: 0.1-a-89-g26bdef1
     0 | D:1      | 0 ||| qw: Game counter: 615
     0 | D:1      | 0 ||| qw: Always use a shield: true
     0 | D:1      | 0 ||| qw: God list: Okawaru
     0 | D:1      | 0 ||| qw: Allow faded altars: false
     0 | D:1      | 0 ||| qw: Do Orc after D:15 true
     0 | D:1      | 0 ||| qw: Do second Lair branch before Depths: true
     0 | D:1      | 0 ||| qw: Lair rune preference: random
     0 | D:1      | 0 ||| qw: Plans: Normal
     0 | D:1      | 0 ||| PLANNING D:1-11
   165 | D:1      | Reached skill level 3 in Axes
   165 | D:1      | Reached XP level 2. HP: 17/17 MP: 6/6
   401 | D:1      | Found a faded altar of an unknown god.
   565 | D:1      | 565 ||| Stepping ~*~*~tactically~*~*~ (stealth).
   887 | D:1      | 887 ||| READING scroll labelled NEABBI CANAAZE.
   890 | D:1      | 890 ||| READING scroll labelled YHILER LAUREUL.
   891 | D:1      | 891 ||| DRINKING 2 bubbling inky potions.
   892 | D:1      | 892 ||| DROPPING scroll of blinking.
   893 | D:1      | 893 ||| DROPPING potion of brilliance.
   894 | D:1      | 894 ||| Stepping randomly (stuck).
   895 | D:1      | 895 ||| Stepping ~*~*~tactically~*~*~ (cloud).
   899 | D:1      | HP: 4/17 [poisoned by you (poison gas)]
   903 | D:1      | HP: 1/17 [poisoned by you (poison gas)]
  1246 | D:2      | Reached XP level 3. HP: 21/21 MP: 7/7
  1251 | D:2      | 1251 ||| FLEEEEING.
  1252 | D:2      | 1252 ||| STAIRDANCE
  1302 | D:2      | 1302 ||| STAIRDANCE
  1370 | D:2      | Noticed Jessica
  1375 | D:2      | Slain by Jessica

Levels and vault maps discovered:
D:1:      dpeg_arrival_tiny_i, layout_basic,
          shapermc_ecumenical_altar_flowoftime, hangedman_decor_push
D:2:      minmay_door_path, layout_rooms, basic_altar, reono_crystal_passage,
          serial_bayou_crossing, uniq_jessica

Skill      XL: |  1 |
---------------+----+-----
Axes           | 3 |  3.9
Fighting       | |  2.0
Throwing       | |  1.0
Armour         | |  1.1
Dodging        | |  2.1
Spellcasting   | |  2.0
Translocations | |  2.4

Action                   || total
-------------------------++-------
Melee: Hand axe          ||    47
       Kick              ||    14
       Peck              ||     6
Throw: Boomerang         ||     7
  Use: Scroll            ||     2
       Potion            ||     1
Armor: Leather armour    ||    10
Dodge: Dodged            ||    37

Table legend:
 A = Non-vault XP
 B = Vault XP
 C = Vault XP percentage of total XP
 D = Non-vault monster count
 E = Vault monster count
 F = Vault count percentage of total count
                 A         B        C        D         E       F
            +---------+---------+-------+---------+---------+-------
      Total |      42 |       0 |   0.0 |      25 |       0 |   0.0
            +---------+---------+-------+---------+---------+-------
        D:1 |      32 |       0 |   0.0 |      20 |       0 |   0.0
        D:2 |      10 |       0 |   0.0 |       5 |       0 |   0.0
            +---------+---------+-------+---------+---------+-------
